 Dungeon Crawl Stone Soup version 0.27-a0-828-g8289197e94 (webtiles) character file.

Game seed: 4051581564185155869

669 robertstho the Magician (level 7, -3/47 HPs)
             Began as a Djinni Fire Elementalist on Mar 30, 2021.
             Slain by an orc
             ... wielding a +2 whip of electrocution
              (4 damage)
             ... on level 4 of the Dungeon.
             The game lasted 00:07:05 (6115 turns).

robertstho the Magician (Djinni Fire Elementalist)  Turns: 6115, Time: 00:07:05

Health: -3/47      AC:  2    Str:  7    XL:     7   Next: 58%
Gold:   186        EV: 12    Int: 18    God:
                   SH:  5    Dex: 14

rFire    + + +     SeeInvis .   b - +3 whip (flame)
rCold    x x .     Faith    .   q - +2 buckler
rNeg     . . .     Spirit   .   a - +0 robe
rPois    ∞         Reflect  .   (no helmet)
rElec    .         Harm     .   (no cloak)
rCorr    .         Rampage  .   (no gloves)
Will     .....                  (boots unavailable)
Stlth    ++........             (no amulet)
HPRegen  0.15/turn              g - ring of fire
MPRegen  0.00/turn              (no ring)

@: berserk cooldown, flying, slowed, very slow
A: fire resistance 2, cold vulnerability 1, float, innate caster, hp casting,
extra vitality 1
a: no special abilities


You were on level 4 of the Dungeon.
You visited 1 branch of the dungeon, and saw 4 of its levels.

You collected 186 gold pieces.

Inventory:

Hand Weapons
 b - a +3 whip of flaming (weapon)
 k - a +2 dagger of holy wrath
Armour
 a - a +0 robe (worn)
 q - a +2 buckler (worn)
Jewellery
 g - a ring of fire (left hand)
 l - a ring of see invisible
Wands
 m - a wand of charming (5)
Scrolls
 c - a scroll of teleportation
 d - 3 scrolls of identify {unknown}
 e - a scroll of enchant weapon {unknown}
 f - 2 scrolls of noise {unknown}
 n - a scroll of silence {unknown}
Potions
 j - a potion of magic {unknown}
 o - a potion of lignification {unknown}
 p - a potion of flight {unknown}


   Skills:
 + Level 1.5 Fighting
 + Level 1.5 Maces & Flails
 + Level 4.1 Dodging
 + Level 2.9 Stealth
 + Level 5.8 Spellcasting


You couldn't memorise any spells.
You knew the following spells:

 Your Spells              Type           Power      Damage    Failure   Level
a - Foxfire               Conj/Fire      100%       2x1d9     1%          1
b - Conjure Flame         Conj/Fire      39%        6-21      5%          3
c - Inner Flame           Hex/Fire       39%        N/A       5%          3
d - Sticky Flame          Conj/Fire      39%        2d6       19%         4
e - Fireball              Conj/Fire      19%        3d9       45%         5
f - Beastly Appendage     Tmut           52%        N/A       1%          1
g - Searing Ray           Conj           52%        3d5       2%          2
h - Wereblood             Tmut           26%        N/A       2%          2
Your spell library was empty.

Dungeon Overview and Level Annotations

Branches:
Dungeon (4/15)
 Temple: D:4-7

Altars:
Makhleb
Ru
Beogh


Innate Abilities, Weirdness & Mutations

You are immune to poison.
Your flesh is very heat resistant. (rF++)
You are vulnerable to cold. (rC-)
You float through the air rather than walking.
You learn spells naturally, not from books.
Your magical power is your life essence.
You have superior vitality. (+4 HP)


Message History

You're too confused to move!
You feel a strong urge to attack something.
The orc wizard casts a spell at itself.
The orc wizard flickers and vanishes!
Deactivating autopickup; reactivate with Ctrl-A.
The orc wizard gestures at itself while chanting.
The orc wizard flickers and vanishes!
You feel your anger nearly subside.
You are no longer berserk.
You are exhausted.
You feel yourself slow down.
A puff of flame appears from out of thin air!
The puff of flame hits something!
The orc wizard gestures at you while chanting.
You easily resist.
Something hits you. The orc closely misses you. Something hits you. x2
The orc wizard hits you with a +0 dagger.
You're too confused to move!
The orc hits you with a +2 whip of electrocution.
You are electrocuted!
* * * LOW HITPOINT WARNING * * *
You hear some strange, mumbled words.
A puff of flame appears from out of thin air!
The puff of flame hits you. You resist.
* * * LOW HITPOINT WARNING * * *
The orc wizard misses you. Something completely misses you.
The orc barely misses you. Something hits you.
* * * LOW HITPOINT WARNING * * *
Unknown command.
Unknown command.
You bump into the rock wall.
You feel less confused.
The orc wizard hits you with a +0 dagger.
* * * LOW HITPOINT WARNING * * *
Something hits you.
* * * LOW HITPOINT WARNING * * *
The orc misses you. Something hits you.
* * * LOW HITPOINT WARNING * * *
You block the orc wizard's attack. Something hits you but does no damage.
The orc hits you with a +2 whip of electrocution.
You die...

..##.......#
#.........#
##########.#
###.....#.# #.#
........... #.#
###.###.#.# #.# #.# #.#
#.#.. #.# #.# #.# #.###
#.# #.###.# #.# #.#
#.#...###.#
######@####.#..o..#.###
#.....o........#....#..
#...{o.........#..#....
#......).......#..#....
######.####'#..#....)..
#....#.#..#..#.o..
####.#.#..#.####)#
#.#.#..#.......
#.#.#..#######)


You could see an orc wizard and an orc.

Vanquished Creatures
  Grinder (D:3)
  An ogre (D:4)
  A scorpion (D:4)
  A water moccasin skeleton (D:4)
  2 orc priests (D:4)
  A hound (D:4)
  An iguana (D:4)
  8 adders
  An adder skeleton (D:4)
  4 worms
  5 dart slugs
  6 orcs
  4 bats
  2 endoplasms
  A giant cockroach (D:1)
  5 goblins
  5 hobgoblins
  12 jackals
  8 kobolds
  4 quokkas
  10 ball pythons
  3 frilled lizards
  9 rats
95 creatures vanquished.

Vanquished Creatures (others)
  306 foxfires
306 creatures vanquished.

Grand Total: 401 creatures vanquished

Notes
Turn   | Place    | Note
-------+----------+-------------------------------------------
     0 | D:1      | robertstho the Djinni Fire Elementalist began the quest for
                  | the Orb.
     0 | D:1      | Reached XP level 1. HP: 15/15 MP: 0/0
    62 | D:1      | Reached skill level 3 in Spellcasting
    79 | D:1      | Reached XP level 2. HP: 8/21 MP: 0/0
   868 | D:1      | Reached XP level 3. HP: 23/25 MP: 0/0
   868 | D:1      | Learned a level 1 spell: Beastly Appendage
  1475 | D:2      | Found a sacrificial altar of Ru.
  1566 | D:2      | Reached XP level 4. HP: 27/31 MP: 0/0
  1796 | D:2      | Reached skill level 4 in Spellcasting
  2030 | D:2      | Found a burning altar of Makhleb.
  2565 | D:3      | Reached XP level 5. HP: 14/35 MP: 0/0
  2565 | D:3      | Learned a level 2 spell: Searing Ray
  3527 | D:3      | Noticed Grinder
  3532 | D:3      | Paralysed by Grinder for 3 turns
  4501 | D:4      | Reached XP level 6. HP: 14/41 MP: 0/0
  4778 | D:4      | Reached skill level 5 in Spellcasting
  4969 | D:4      | Reached skill level 1 in Fighting
  5114 | D:4      | Reached skill level 1 in Maces & Flails
  5642 | D:4      | Reached XP level 7. HP: 46/47 MP: 0/0
  5642 | D:4      | Learned a level 2 spell: Wereblood
  5744 | D:3      | Paralysed by Grinder for 7 turns
  5757 | D:3      | Killed Grinder
  6114 | D:4      | HP: 1/47 [something (3)]
  6115 | D:4      | Slain by an orc

Illustrated notes

Levels and vault maps discovered:
D:1:      dpeg_arrival_connections, layout_basic, hex_intersection,
          minmay_crystal_water, minmay_unequal
D:2:      layout_rooms, nicolae_overflow_crystal_walls, lemuel_round_altar,
          minmay_vboxes
D:3:      layout_basic, grunt_ministairs_14, uniq_grinder
D:4:      layout_basic, temple_hall, kennysheep_orc_chapel

Skill      XL: |  1  2  3  4  5  6  7 |
---------------+----------------------+-----
Spellcasting   | 3 4 5 |  5.8
Stealth        | 2 |  2.9
Dodging        | 3 4 |  4.1
Fighting       | 1 |  1.5
Maces & Flails | 1 |  1.5

Action                   |  1- 3 |  4- 6 |  7- 9 || total
-------------------------+-------+-------+-------++-------
Melee: Whip              |       |    10 |     2 ||    12
 Cast: Foxfire           |    64 |   104 |    10 ||   178
       Searing Ray       |       |     1 |       ||     1
       Sticky Flame      |       |     3 |     2 ||     5
  Use: Scroll            |       |     2 |       ||     2
       Potion            |       |       |     2 ||     2
 Stab: Sleeping          |       |     1 |       ||     1
Armor: Robe              |     2 |    13 |     1 ||    16
Dodge: Dodged            |    12 |    61 |    13 ||    86
Block: Buckler           |       |       |     1 ||     1

Table legend: (Time is in decaauts)
 A = Elapsed time spent in this place.
 B = Non-inter-level travel time spent in this place.
 C = Inter-level travel time spent in this place.
 D = Time resting spent in this place.
 E = Time spent auto-exploring this place.
 F = Levels seen in this place.
 G = Mean time per level.
                   A        B        C        D        E       F      G
               +--------+--------+--------+--------+--------+-----+--------+
         Total |   6117 |   5950 |    167 |   1059 |   4208 |   4 | 1529.2 |
       Dungeon |   6117 |   5950 |    167 |   1059 |   4208 |   4 | 1529.2 |
               +--------+--------+--------+--------+--------+-----+--------+

Top non-repeatable levels by time:
     D:4: 2202 daAuts
     D:3: 1453 daAuts
     D:2: 1309 daAuts
     D:1: 1152 daAuts
